 Dungeon Crawl Stone Soup version 0.28-a0-1206-g193881aaa2 (webtiles) character file.

Game seed: 8268942571764140944

67 mcbry74 the Chopper (level 4, -1/39 HPs)
             Began as a Hill Orc Fighter on Dec 20, 2021.
             Succumbed to an adder's poison
             ... in a sewer.
             The game lasted 00:05:48 (2414 turns).

mcbry74 the Chopper (Hill Orc Fighter)              Turns: 2414, Time: 00:05:49

Health: -1/39      AC:  8    Str: 20    XL:     4   Next: 16%
Magic:  4/4        EV:  9    Int:  8    God:
Gold:   97         SH:  4    Dex: 10    Spells: 3/3 levels left

rFire   . . .      SeeInvis .   a - +0 war axe
rCold   . . .      Faith    .   c - +0 buckler
rNeg    . . .      Spirit   .   b - +0 scale mail
rPois   .          Reflect  .   (no helmet)
rElec   .          Harm     .   (no cloak)
rCorr   .          Rampage  .   (no gloves)
Will    .....                   k - +0 pair of boots
Stlth   ..........              (no amulet)
HPRegen 0.13/turn               (no ring)
MPRegen 0.09/turn               (no ring)

@: mighty, lethally poisoned (-1 -> -4)
A: no striking features
a: no special abilities


You were in a sewer.
You visited 1 branch of the dungeon, and saw 3 of its levels.
You also visited: Sewer.

You collected 97 gold pieces.

Inventory:

Hand Weapons
 a - a +0 war axe (weapon)
 o - a +1 rapier of flaming
 p - a +0 mace
Missiles
 f - 22 stones (quivered)
 s - 22 sling bullets
Armour
 b - a +0 scale mail (worn)
 c - a +0 buckler (worn)
 k - a +0 pair of boots (worn)
Scrolls
 i - a scroll of teleportation
 n - a scroll of blinking
 r - a scroll of noise
 t - a scroll of amnesia {unknown}
Potions
 e - a potion of invisibility {unknown}
 g - a potion of ambrosia
 h - a potion of heal wounds {unknown}
 j - a potion of mutation {unknown}
 l - a potion of curing
 m - a potion of lignification {unknown}
 q - a potion of brilliance {unknown}
 u - a potion of magic {unknown}


   Skills:
 - Level 3.6 Fighting
 + Level 5.7 Axes
 - Level 3.2 Armour
 - Level 3.2 Shields


You had 3 spell levels left.
You didn't know any spells.
Your spell library contained the following spells:

 Spells                   Type           Power      Damage    Failure   Level
 Passwall                 Tmut/Erth      0%         N/A       90%         2
 Gell's Gravitas          Tloc           0%         N/A       99%         3
 Swiftness                Air            0%         N/A       99%         3
 Teleport Other           Tloc           0%         N/A       99%         3
 Dispersal                Tloc           0%         N/A       100%        6


Dungeon Overview and Level Annotations

Branches:
Dungeon (3/15)              Sewer (1/1)

Altars:

Annotations:
D:3 Robin


Message History

You feel invigorated.
You feel sick. The adder bites you but does no damage. The adder bites you.
* * * LOW HITPOINT WARNING * * *
The adder bites you but does no damage.
You are too injured to fight recklessly!
You are too injured to fight recklessly!
You feel better.
You feel less invigorated. The adder closely misses you.
The adder bites you. x2
You are poisoned.
The adder poisons you! The adder barely misses you.
The adder bites you but does no damage.
You miss the adder.
The adder is lightly wounded.
You closely miss the adder. You barely miss the river rat.
You completely miss the adder.
You feel sick. You block the adder's attack. The river rat bites you.
The adder bites you. x2; The adder barely misses you.
You are too injured to fight recklessly!
You are too injured to fight recklessly!
You are too injured to fight recklessly!
You are too injured to fight recklessly!
Unknown command.
You barely miss the adder. x2; You hit the adder.
You slash the river rat! You closely miss the river rat.
You feel sick.
The adder bites you but does no damage. x3; The river rat bites you!
* * * LOW HITPOINT WARNING * * *
The adder bites you.
* * * LOW HITPOINT WARNING * * *
The adder misses you.
The river rat bites you but does no damage.
The adder bites you but does no damage.
You slice the adder!!
You kill the adder!
You slash the rat!
You kill the rat!
You slash the river rat!
You kill the river rat!
You slash the river rat!
You kill the river rat!
You hit the adder. You closely miss the adder.
You die...

....≈≈≈≈.....###.#
....≈≈≈......###∩#
#...≈≈.≈.....####
#.≈≈≈≈≈..††.##
#≈.≈≈≈.≈.....#
#.≈≈≈≈≈r......##
....≈≈≈≈≈≈r.....#
...≈r≈≈≈≈≈S.....#
...≈≈≈≈≈≈rS@†...#
..≈.≈≈≈≈≈≈†....##
...≈≈≈≈≈≈≈≈...##
..#≈≈≈≈≈≈≈....#
#≈≈≈≈≈≈≈....##
≈≈≈≈≈≈≈.....#
≈≈≈≈≈≈≈.....#
≈≈≈≈≈≈....##
≈≈≈≈≈≈....#


You could see 2 adders and 4 rats.

Vanquished Creatures
  An adder (Sewer)
  2 river rats (Sewer)
  A worm (D:2)
  A dart slug (D:1)
  7 ball pythons
  6 endoplasms
  6 giant cockroaches
  6 goblins
  5 hobgoblins
  2 jackals (D:1)
  A quokka (D:1)
  2 bats (D:2)
  2 frilled lizards
  6 kobolds (Sewer)
  12 rats
60 creatures vanquished.

Notes
Turn   | Place    | Note
-------+----------+-------------------------------------------
     0 | D:1      | mcbry74 the Hill Orc Fighter began the quest for the Orb.
     0 | D:1      | Reached XP level 1. HP: 19/19 MP: 1/1
     3 | D:1      | Noticed an electric eel
     3 | D:1      | Noticed an electric eel
   127 | D:1      | Reached skill level 3 in Axes
   215 | D:1      | Reached XP level 2. HP: 25/26 MP: 2/2
   314 | D:1      | Reached skill level 4 in Axes
   385 | D:1      | Reached XP level 3. HP: 31/31 MP: 3/3
  1363 | D:2      | Reached skill level 5 in Axes
  2091 | D:3      | Noticed Robin
  2185 | D:3      | Found a glowing drain.
  2195 | Sewer    | Entered a sewer
  2219 | Sewer    | Reached XP level 4. HP: 39/39 MP: 4/4
  2413 | Sewer    | HP: 1/39 [adder (2)]
  2414 | Sewer    | Succumbed to an adder's poison

Illustrated notes

Levels and vault maps discovered:
D:1:      arrival_aquarium_b, layout_basic, serial_forest,
          infiniplex_forest_lined_room_2, infiniplex_forest_lined_room_,
          infiniplex_forest_clump_small, infiniplex_forest_straight_2,
          infiniplex_forest_clump_C, infiniplex_forest_clump_cross,
          infiniplex_forest_zigzag_1, infiniplex_forest_lined_room_3,
          minivault_5, minmay_small_reverse_x
D:2:      layout_loops_corners
D:3:      layout_rooms, lemuel_tele_altar, nicolae_overflow_hidden_temple,
          cheibrodos_sewer_entry_drain, kennysheep_generic_room_3, uniq_robin
Sewer:    sewer_minmay_treatment

Skill      XL: |  1  2  3 |
---------------+----------+-----
Axes           | 3 4 5 |  5.7
Fighting       | |  3.6
Armour         | |  3.2
Shields        | |  3.2

Action                   |  1- 3 |  4- 6 || total
-------------------------+-------+-------++-------
Melee: War axe           |    94 |    25 ||   119
  Use: Scroll            |     5 |     1 ||     6
       Potion            |       |     3 ||     3
Armor: Scale mail        |    40 |    23 ||    63
Dodge: Dodged            |    42 |    20 ||    62
Block: Buckler           |    20 |     8 ||    28

Table legend: (Time is in decaauts)
 A = Elapsed time spent in this place.
 B = Non-inter-level travel time spent in this place.
 C = Inter-level travel time spent in this place.
 D = Time resting spent in this place.
 E = Time spent auto-exploring this place.
 F = Levels seen in this place.
 G = Mean time per level.
                   A        B        C        D        E       F      G
               +--------+--------+--------+--------+--------+-----+--------+
         Total |   2450 |   2319 |    131 |    202 |   1670 |   4 |  612.5 |
       Dungeon |   2224 |   2093 |    131 |    202 |   1524 |   3 |  741.3 |
         Sewer |    226 |    226 |      0 |      0 |    146 |   1 |  226.0 |
               +--------+--------+--------+--------+--------+-----+--------+

Top non-repeatable levels by time:
     D:2: 1099 daAuts
     D:1: 1038 daAuts
   Sewer: 226 daAuts
     D:3: 86 daAuts
